 Dungeon Crawl Stone Soup version 0.29-a0-1009-g60c99734e7 (webtiles) character file.

Game seed: 12695832070073251995

61 spaghetti the Caller (level 4, -9/41 HPs)
             Began as an Ogre Summoner on Aug 8, 2022.
             Killed by an exploding goblin (24 damage)
             ... ignited by their inner flame
             ... on level 3 of the Dungeon.
             The game lasted 00:02:25 (1312 turns).

spaghetti the Caller (Ogre Summoner)                Turns: 1312, Time: 00:02:26

Health: -9/41      AC:  3    Str: 12    XL:     4   Next: 7%
Magic:  4/9        EV:  9    Int: 18    God:
Gold:   92         SH:  0    Dex:  9    Spells: 4/10 levels left

rFire   . . .      SeeInvis .   f - +2 hand axe (venom) {axe}
rCold   . . .      Faith    .   (no shield)
rNeg    . . .      Spirit   .   a - +0 robe
rPois   .          Reflect  .   (helmet restricted)
rElec   .          Harm     .   (no cloak)
rCorr   .          Rampage  .   (gloves unavailable)
Will    .....                   (boots unavailable)
Stlth   +.........              (no amulet)
HPRegen 0.13/turn               (no ring)
MPRegen 0.11/turn               (no ring)

@: very slightly contaminated, very slow
A: large, unfitting armour, tough skin 1
a: no special abilities


You were on level 3 of the Dungeon.
You visited 1 branch of the dungeon, and saw 3 of its levels.

You collected 92 gold pieces.


Innate Abilities, Weirdness & Mutations

You are too large for most types of armour.
You have tough skin. (AC +1)


   Skills:
 + Level 1.4 Fighting
 - Level 1.7 Dodging
 - Level 1.4 Stealth
 + Level 3.6 Spellcasting
 + Level 4.2 Summonings


You had 4 spell levels left.
You knew the following spells:

 Your Spells              Type           Power      Damage    Failure   Level
a - Summon Small Mammal   Summ           72%        N/A       2%          1
b - Call Imp              Summ           18%        N/A       4%          2
c - Call Canine Familiar  Summ           18%        N/A       8%          3

Your spell library contained the following spells:

 Spells                   Type           Power      Damage    Failure   Level
 Summon Guardian Golem    Hex/Summ       10%        N/A       19%         3
 Summon Lightning Spire   Summ/Air       10%        N/A       54%         4

Inventory:

Hand Weapons
 d - a +0 club {mace}
   (You took it off a goblin on level 2 of the Dungeon)
 e - a +2 short sword of draining {short}
   (You found it on level 2 of the Dungeon)
 f - a +2 hand axe of venom (weapon) {axe}
   (You found it on level 2 of the Dungeon)
Missiles
 c - 14 stones {throwing}
Armour
 a - a +0 robe (worn)
Scrolls
 g - 3 scrolls of teleportation {unknown}
 i - 2 scrolls of identify {unknown}
 l - a scroll of enchant weapon {unknown}
 m - a scroll of amnesia {unknown}
Potions
 j - a potion of brilliance {unknown}
 k - a potion of lignification {unknown}

Dungeon Overview and Level Annotations

Branches:
Dungeon (3/15) Zot: 16676

Altars:
Elyvilon

Annotations:
D:3 Robin

..... ....
♣♣...♣♣
♣♣.....♣♣
♣♣.g.....♣♣
♣ggg≈~≈..?♣
♣♣5§S≈~≈≈..♣♣
♣.§○@r_~~...♣
♣♣§gb≈~≈≈..♣
♣...≈~≈...♣
♣♣.......♣♣
♣♣.....♣♣
♣♣...♣♣
♣♣...).♣♣
♣♣.......♣♣
###♣...≈~≈...♣##


You could see Robin (inner flame), an adder (inner flame, ally target), a
hobgoblin (inner flame, strong), 3 goblins, a friendly iron imp (summoned, inner
flame), a friendly bat (summoned, inner flame) and a friendly rat (summoned,
inner flame).


Message History

Your bat barely misses the goblin.
Your hound barely misses the goblin. x2
The goblin misses your hound.
The goblin unwields a +0 club.
The goblin wields a +0 sling.
The goblin shoots a sling bullet.
The sling bullet misses your bat. The sling bullet barely misses you.
The goblin hits your hound with a +0 dagger.
Robin throws the goblin at you!
A hobgoblin comes into view. 😕 HP[-1]
You take 1 damage, and now have 32/33 hp.
You hit the goblin.
You kill the goblin!
Your bat misses the goblin.
Your bat completely misses the goblin.
Your hound bites the goblin.
The goblin dies!
Your iron imp barely misses the hobgoblin.
The goblin hits your hound with a +0 dagger.
The hobgoblin hits your hound. Robin throws the goblin at you!
The goblin shoots a sling bullet.
The sling bullet barely misses you.
The sling bullet barely misses the goblin.
Your hound bites the goblin.
The goblin dies!
You have reached level 4! 😕 HP[+8]
You now have 41 max hp (+8).
You regained 8 hp, and now have 40/41 hp.
You hit the goblin.
The goblin is poisoned.
Your bat closely misses the adder.
Your bat barely misses the goblin.
Your hound bites the hobgoblin.
The goblin closely misses your hound. The goblin hits you with a +0 club.
The hobgoblin hits your hound.
Your iron imp misses the hobgoblin.
The goblin shoots a sling bullet.
The sling bullet hits you. The adder closely misses you.
Your hound misses the hobgoblin.
Your rat bites the adder.
The goblin barely misses your hound. The hobgoblin hits your hound.
Your hound dies!
Your hound's corpse disappears in a puff of smoke!
The goblin closely misses you.
Robin throws the goblin at you! 😕 HP[-2]
You take 2 damage, and now have 38/41 hp.
Casting: Summon Small Mammal (safe; 2% risk of failure)
Confirm with . or Enter, or press ? or * to list all spells.
You don't have enough magic to cast this spell.
Magic courses through your body. The adder bites you.
The goblin unwields a +0 sling.
The goblin wields a +0 club.
The goblin misses you.
Your bat closely misses the adder.
Your iron imp hits the hobgoblin!
The hobgoblin dies!
Your rat closely misses the adder.
The goblin hits you with a +0 club. The adder closely misses you.
The goblin hits you with a +0 club. 😕 HP[-6] MP[+8]
You take 6 damage, and now have 32/41 hp.
Your mp is fully restored (9).
Unknown command.
Unknown command.
Unknown command.
Unknown command.
Casting: Summon Small Mammal (safe; 2% risk of failure)
Confirm with . or Enter, or press ? or * to list all spells.
You miscast Call Canine Familiar.
You are very lightly contaminated with residual magic.
Nothing appears to happen.
Your bat misses the adder. The goblin hits you with a +0 club.
Your iron imp barely misses the goblin.
Your rat closely misses the adder.
The adder completely misses you.
The goblin hits your iron imp but does no damage. x2
The goblin hits you with a +0 club.
The goblin barely misses you. 😮 HP[-7] MP[-2]
You take 7 damage, and now have 25/41 hp.
You lost 2 mp, and now have 7/9 mp.
Casting: Call Canine Familiar (dangerous; 9% risk of failure)
Confirm with . or Enter, or press ? or * to list all spells.
You kill the goblin!
Your bat hits the goblin. x2; The goblin hits you with a +0 club.
The adder closely misses you.
Your rat barely misses the adder.
Your iron imp hits the goblin.
The goblin dies!
The goblin barely misses your iron imp. Robin throws the goblin at you!
The goblin hits you with a +0 club.
* * * LOW HITPOINT WARNING * * *
The goblin hits your iron imp with a +0 dagger. 😨 HP[-6] MP[-3]
You take 6 damage, and now have 19/41 hp.
You lost 3 mp, and now have 4/9 mp.
Unknown command.
Unknown command.
Unknown command.
As you read the scroll labelled UKHI XIOVONUI, it crumbles to dust.
The creatures around you are filled with an inner flame!
It was a scroll of immolation.
Your bat barely misses the goblin.
Your bat hits the goblin.
Flame seeps out of the goblin.
The adder bites you but does no damage.
Your hound closely misses the goblin.
The goblin hits you with a +0 club.
* * * LOW HITPOINT WARNING * * *
The goblin is engulfed in blazing flames.
The goblin explodes!
The fiery explosion engulfs your iron imp.
Your iron imp completely resists.
The fiery explosion engulfs your hound!!
Your hound's corpse disappears in a puff of smoke!
The fiery explosion engulfs you!!
Ouch! That really hurt!
You die...

Skill      XL: |  1  2  3 |
---------------+----------+-----
Spellcasting   | 3 |  3.6
Summonings     | 4 |  4.2
Fighting       | 1 |  1.4
Dodging        | |  1.7
Stealth        | |  1.4

Action                   |  1- 3 |  4- 6 || total
-------------------------+-------+-------++-------
Melee: Unarmed           |    24 |       ||    24
       Short sword       |    14 |       ||    14
       Hand axe          |    36 |     1 ||    37
 Cast: Summon Small Mamm |    22 |       ||    22
       Call Canine Famil |     4 |     1 ||     5
       Call Imp          |     4 |       ||     4
  Use: Scroll            |       |     1 ||     1
       Potion            |       |     1 ||     1
 Stab: Sleeping          |     1 |       ||     1
Armor: Robe              |    35 |     2 ||    37
Dodge: Dodged            |    53 |     7 ||    60

Levels and vault maps discovered:
D:1:      minmay_arrival_three_doors, layout_loops_ring,
          ebering_ecumenical_altar_rust, minmay_liquid_box
D:2:      layout_loops_ring
D:3:      layout_rooms, elyvilon_altar_3, grunt_gozag_breadcrumbs, serial_shops,
          nicolae_shop_waterfront, uniq_terence, uniq_robin

Notes
Turn   | Place    | Note
-------+----------+-------------------------------------------
     0 | D:1      | spaghetti the Ogre Summoner began the quest for the Orb.
     0 | D:1      | Reached XP level 1. HP: 16/16 MP: 3/3
     0 | D:1      | magus.rc [v1.9.6]
   149 | D:1      | You fall into a shaft and drop 1 floor!
   225 | D:2      | Reached skill level 3 in Spellcasting
   225 | D:2      | Reached XP level 2. HP: 15/24 MP: 3/6
   419 | D:2      | Reached skill level 4 in Summonings
   517 | D:2      | Reached XP level 3. HP: 28/31 MP: 5/7
   520 | D:2      | Learned a level 2 spell: Call Imp
   524 | D:2      | Learned a level 3 spell: Call Canine Familiar
   898 | D:2      | Reached skill level 1 in Fighting
  1292 | D:3      | Found a white marble altar of Elyvilon.
  1301 | D:3      | Noticed Robin
  1308 | D:3      | Reached XP level 4. HP: 40/41 MP: 1/9
  1312 | D:3      | Killed by an exploding goblin... ignited by their inner
                  | flame

Vanquished Creatures
  2 adders (D:2)
  A worm (D:2)
  2 endoplasms (D:2)
  5 goblins (D:3)
  5 hobgoblins
  3 jackals (D:2)
  2 kobolds (D:2)
  A ball python (D:3)
  A bat (D:2)
  A frilled lizard (D:3)
  A rat (D:2)
24 creatures vanquished.

Vanquished Creatures (collateral kills)
  A bat (D:2)
  A giant cockroach (D:1)
  4 goblins
  2 hobgoblins (D:3)
  A jackal (D:2)
  A kobold (D:3)
  A ball python (D:1)
  A frilled lizard (D:2)
12 creatures vanquished.

Grand Total: 36 creatures vanquished

Table legend:
 A = Non-vault XP
 B = Vault XP
 C = Vault XP percentage of total XP
 D = Non-vault monster count
 E = Vault monster count
 F = Vault count percentage of total count
                 A         B        C        D         E       F
            +---------+---------+-------+---------+---------+-------
      Total |      75 |      15 |  16.7 |      28 |       8 |  22.2
            +---------+---------+-------+---------+---------+-------
        D:1 |       3 |       0 |   0.0 |       2 |       0 |   0.0
        D:2 |      62 |       0 |   0.0 |      20 |       0 |   0.0
        D:3 |      10 |      15 |  60.0 |       6 |       8 |  57.1
            +---------+---------+-------+---------+---------+-------

Illustrated notes

Table legend:
 A = Kills in this place as a percentage of kills in entire the game.
 B = Kills by you in this place as a percentage of kills by you in the entire game.
 C = Kills by friends in this place as a percentage of kills by friends in the entire game.
 D = Other kills in this place as a percentage of other kills in the entire game.
 E = Experience gained in this place as a percentage of experience gained in the entire game.
 F = Experience gained in this place divided by the number of levels of this place that you have seen.
                   A       B       C       D       E      F
               +-------+-------+-------+-------+-------+----------------------
         Total | 100.0 | 100.0 | 100.0 |   N/A | 100.0 |  30.0
       Dungeon | 100.0 | 100.0 | 100.0 |   N/A | 100.0 |  30.0
               +-------+-------+-------+-------+-------+----------------------

Table legend: (Time is in decaauts)
 A = Elapsed time spent in this place.
 B = Non-inter-level travel time spent in this place.
 C = Inter-level travel time spent in this place.
 D = Time resting spent in this place.
 E = Time spent auto-exploring this place.
 F = Levels seen in this place.
 G = Mean time per level.
                   A        B        C        D        E       F      G
               +--------+--------+--------+--------+--------+-----+--------+
         Total |   1323 |   1312 |     11 |      0 |   1072 |   3 |  441.0 |
       Dungeon |   1323 |   1312 |     11 |      0 |   1072 |   3 |  441.0 |
               +--------+--------+--------+--------+--------+-----+--------+

Top non-repeatable levels by time:
     D:2: 1000 daAuts
     D:3: 173 daAuts
     D:1: 149 daAuts
